 Dungeon Crawl Stone Soup version 0.29-a0-700-g2f1814c7b2 (webtiles) character file.

Game seed: 15414959050491694118

2832 mdonais the Archer (level 9, -2/64 HPs)
             Began as an Octopode Hunter on June 26, 2022.
             Was a Believer of Uskayaw.
             Shot with an arrow by a centaur (11 damage)
             ... on level 8 of the Dungeon.
             The game lasted 00:25:50 (10179 turns).

mdonais the Archer (Octopode Hunter)               Turns: 10179, Time: 00:25:50

Health: -2/64      AC:  1    Str: 11    XL:     9   Next: 73%
Magic:  12/12      EV: 15    Int: 11    God:    Uskayaw [**....]
Gold:   350        SH:  0    Dex: 19    Spells: 4/8 levels left

rFire   . . .      SeeInvis .   a - +1 shortbow
rCold   . . .      Faith    .   (shield currently unavailable)
rNeg    . . .      Spirit   .   (helmet restricted)
rPois   .          Reflect  .   (no amulet)
rElec   .          Harm     .   (no ring)
rCorr   .          Rampage  .   (no ring)
Will    .....                   (no ring)
Stlth   ++++......              (no ring)
HPRegen 0.20/turn               (no ring)
MPRegen 0.13/turn               (no ring)
                                (no ring)
                                (no ring)

@: no status effects
A: almost no armour, amphibious, 8 rings, camouflage 1, gelatinous body 1,
(nimble swimmer 1), tentacles
a: Renounce Religion, Stomp, Line Pass


You were on level 8 of the Dungeon.
You worshipped Uskayaw.
Uskayaw was noncommittal.
You visited 2 branches of the dungeon, and saw 9 of its levels.

You collected 350 gold pieces.

Inventory:

Hand Weapons
 a - a +1 shortbow (weapon)
 i - a +0 dagger
   (You took it off an orc on level 7 of the Dungeon)
 k - a +0 hunting sling
   (You found it on level 1 of the Dungeon)
 x - a +4 vampiric spear
   (You took it off a gnoll on level 3 of the Dungeon)
 C - a +2 dire flail of protection
   (You took it off Edmund on level 4 of the Dungeon)
Missiles
 c - 16 poisoned darts
 h - 71 stones
 t - 16 boomerangs
 u - 2 silver boomerangs
Magical Staves
 g - a staff of conjuration
   (You found it on level 1 of the Dungeon)
 r - a staff of fire
   (You found it on level 8 of the Dungeon)
Jewellery
 y - a ring of ice
   (You found it on level 4 of the Dungeon)
Wands
 q - a wand of polymorph (9)
   (You found it on level 3 of the Dungeon)
 w - a wand of quicksilver (9)
   (You found it on level 4 of the Dungeon)
 A - a wand of mindburst (1)
   (You found it on level 4 of the Dungeon)
 V - a wand of flame (9)
   (You found it on level 6 of the Dungeon)
Scrolls
 b - 2 scrolls of immolation
 d - a scroll of brand weapon
 e - a scroll of vulnerability {unknown}
 f - a scroll of enchant armour {unknown}
 B - a scroll of blinking
 E - a scroll of fog {unknown}
 I - 2 scrolls of enchant weapon {unknown}
 M - 4 scrolls of magic mapping
 R - a scroll of identify
 T - 3 scrolls of teleportation
Potions
 j - 2 potions of brilliance {unknown}
 l - a potion of mutation
 m - 2 potions of berserk rage {unknown}
 n - a potion of heal wounds
 o - 2 potions of attraction {unknown}
 p - a potion of lignification {unknown}
 s - a potion of invisibility {unknown}
 v - 3 potions of flight {unknown}
 z - 3 potions of degeneration {unknown}
 D - a potion of magic {unknown}
 F - a potion of cancellation {unknown}
 G - a potion of resistance
 H - 3 potions of haste
 Q - 2 potions of curing


   Skills:
 + Level 7.0 Fighting
 * Level 9.1 Bows
 + Level 4.0 Dodging
 * Level 6.2 Stealth
 * Level 4.6 Invocations
 - Level 3.0 Evocations


You had 4 spell levels left.
You knew the following spells:

 Your Spells              Type           Power      Damage    Failure   Level
a - Necrotize             Necr           0%         1d4       34%         1
b - Portal Projectile     Hex/Tloc       0%         N/A       71%         3

Your spell library contained the following spells:

 Spells                   Type           Power      Damage    Failure   Level
 Apportation              Tloc           0%         N/A       34%         1
 Slow                     Hex            0%         N/A       34%         1
 Summon Small Mammal      Summ           0%         N/A       34%         1
 Scorch                   Fire           0%         2d5       47%         2
 Call Canine Familiar     Summ           0%         N/A       71%         3
 Confusing Touch          Hex            0%         N/A       71%         3
 Vampiric Draining        Necr           0%         2d6       71%         3
 Flame Wave               Conj/Fire      0%         2d4       98%         4
 Leda's Liquefaction      Hex/Erth       0%         N/A       98%         4
 Summon Cactus Giant      Summ           0%         N/A       100%        6


Dungeon Overview and Level Annotations

Branches:
Dungeon (8/15) Zot: 25003  Temple (1/1) D:4 Zot: 5935
   Lair: D:8-11

Altars:
Ashenzari
Cheibriados
Dithmenos
Elyvilon
Gozag
Hepliaklqana
Kikubaaqudgha
Makhleb
Nemelex Xobeh
Qazlal
Ru
Sif Muna
Trog
Uskayaw
Vehumet
Wu Jian
Yredelemnul
Zin
The Shining One

Shops:
D:4 *

Annotations:
D:5 1 runed translucent door, zhov's ghost, novice SpHu
D:7 Joseph


Innate Abilities, Weirdness & Mutations

You cannot wear most types of armour.
You are amphibious.
You can wear up to eight rings at the same time.
Your skin changes colour to match your surroundings (Stealth+).
Your rubbery body absorbs attacks. (AC +1, EV +1)
((You are camouflaged when in or above water. (Stealth+)))
You have tentacles for arms and can constrict up to eight enemies at once.


Message History

You shoot an arrow. The arrow misses the killer bee.
You feel sick.
You take 1 damage, and have 10/64 hp.
Shoot: a) +1 shortbow
Press: ? - help, Q - select action, (/) - cycle Shift-Dir - straight line, f/p - killer bee
Aim: a killer bee (heavily wounded, 47% to hit)
You shoot an arrow. The arrow misses the killer bee.
You feel sick.
You take 1 damage, and have 9/64 hp.
Shoot: a) +1 shortbow
Press: ? - help, Q - select action, (/) - cycle Shift-Dir - straight line, f/p - killer bee
Aim: a killer bee (heavily wounded, 47% to hit)
You shoot an arrow. The arrow hits the killer bee.
The killer bee is heavily wounded.
You feel sick.
You are no longer poisoned.
You take 1 damage, and have 8/64 hp.
Shoot: a) +1 shortbow
Press: ? - help, Q - select action, (/) - cycle Shift-Dir - straight line, f/p - killer bee
Aim: a killer bee (heavily wounded, 47% to hit)
You shoot an arrow.
The arrow completely misses the killer bee.
Shoot: a) +1 shortbow
Press: ? - help, Q - select action, (/) - cycle Shift-Dir - straight line, f/p - killer bee
Aim: a killer bee (heavily wounded, 47% to hit)
You shoot an arrow.
The arrow completely misses the killer bee.
Shoot: a) +1 shortbow
Press: ? - help, Q - select action, (/) - cycle Shift-Dir - straight line, f/p - killer bee
Aim: a killer bee (heavily wounded, 47% to hit)
You shoot an arrow. The arrow misses the killer bee.
Shoot: a) +1 shortbow
Press: ? - help, Q - select action, (/) - cycle Shift-Dir - straight line, f/p - killer bee
Aim: a killer bee (heavily wounded, 47% to hit)
You shoot an arrow.
The arrow hits the killer bee but does no damage.
The killer bee is heavily wounded.
Shoot: a) +1 shortbow
Press: ? - help, Q - select action, (/) - cycle Shift-Dir - straight line, f/p - killer bee
Aim: a killer bee (heavily wounded, 47% to hit)
You shoot an arrow.
The arrow closely misses the killer bee.
Shoot: a) +1 shortbow
Press: ? - help, Q - select action, (/) - cycle Shift-Dir - straight line, f/p - killer bee
Aim: a killer bee (heavily wounded, 47% to hit)
You shoot an arrow. The arrow misses the killer bee.
Shoot: a) +1 shortbow
Press: ? - help, Q - select action, (/) - cycle Shift-Dir - straight line, f/p - killer bee
Aim: a killer bee (heavily wounded, 47% to hit)
You shoot an arrow.
The arrow hits the killer bee but does no damage.
The killer bee is heavily wounded.
You can no longer pass through a line of other dancers.
Shoot: a) +1 shortbow
Press: ? - help, Q - select action, (/) - cycle Shift-Dir - straight line, f/p - killer bee
Aim: a killer bee (heavily wounded, 47% to hit)
You shoot an arrow. The arrow misses the killer bee.
Shoot: a) +1 shortbow
Press: ? - help, Q - select action, (/) - cycle Shift-Dir - straight line, f/p - killer bee
Aim: a killer bee (heavily wounded, 47% to hit)
You shoot an arrow. The arrow barely misses the killer bee.
Aiming: Mindburst
Press: ? - help, Shift-Dir - straight line, f/p - killer bee
Aim: a killer bee (heavily wounded, chance to affect: 82%)
The killer bee barely resists.
Aiming: Mindburst
Press: ? - help, Shift-Dir - straight line, f/p - killer bee
Aim: a killer bee (heavily wounded, chance to affect: 82%)
The killer bee's mind is blasted!!
You blow up the killer bee!
Aiming: Mindburst
Press: ? - help, Shift-Dir - straight line, f - killer bee
Aim: a killer bee (chance to affect: 82%)
The killer bee's mind is blasted!!
You blow up the killer bee!
You can now pass through a line of other dancers.
You can no longer pass through a line of other dancers.
You start resting.
HP restored.
Health restored: 64 You open the door.
You open the door.
There is an open door here.
An orc comes into view. It is wielding a +0 short sword.
You shoot an arrow. The arrow hits the orc.
The orc shouts!
The orc is almost dead.
You shoot an arrow. The arrow hits the orc!
You kill the orc!
No target in view!
No target in view!
I - 2 scrolls labelled UCOGER CAIXAGH You see here a +0 short sword.
There is a stone staircase leading down here.
Found a leather armour.
Things that are here:
a +0 leather armour; a +0 club You see here a +0 club.
You see here a +0 club.
Things that are here:
a +0 leather armour; a +0 club You open the door.
There is an open door here.
You open the door.
Found a rapier.
There is an open door here.
A centaur comes into view.
You see here a staff of poison.
You shoot an arrow. The arrow hits the centaur.
The centaur shouts!
The centaur is lightly wounded.
The centaur wields a +0 shortbow.
The centaur shoots an arrow.
The arrow barely misses you.
The centaur shoots an arrow.
The arrow closely misses you.
You shoot an arrow. The arrow hits the centaur.
The centaur is moderately wounded.
The centaur shoots an arrow.
The arrow hits you!
You shoot an arrow.
The arrow hits the centaur but does no damage.
The centaur is moderately wounded.
The centaur shoots an arrow.
The arrow hits you!
You take 26 damage, and have 38/64 hp.
MASSIVE DAMAGE!!
You shoot an arrow. The arrow hits the centaur!
The centaur is severely wounded.
The centaur shoots an arrow.
The arrow closely misses you.
The centaur shoots an arrow.
The arrow hits you!
You can now pass through a line of other dancers.
You are too injured to fight recklessly!
You take 9 damage, and have 29/64 hp.
You are too injured to fight recklessly!
You are too injured to fight recklessly!
Shoot: a) +1 shortbow
Press: ? - help, Q - select action, (/) - cycle Shift-Dir - straight line, f/p - centaur
Aim: a centaur, wielding a +0 shortbow (severely wounded, 77% to hit)
You shoot an arrow.
The arrow hits the centaur but does no damage.
The centaur is severely wounded.
The centaur shoots an arrow.
The arrow hits you!
* * * LOW HITPOINT WARNING * * *
You take 14 damage, and have 15/64 hp.
MASSIVE DAMAGE!!
Shoot: a) +1 shortbow
Press: ? - help, Q - select action, (/) - cycle Shift-Dir - straight line, f/p - centaur
Aim: a centaur, wielding a +0 shortbow (severely wounded, 77% to hit)
You shoot an arrow.
The arrow hits the centaur but does no damage.
The centaur is severely wounded.
The centaur shoots an arrow.
The arrow hits you.
* * * LOW HITPOINT WARNING * * *
The centaur shoots an arrow.
The arrow hits you!
You die...

#.#+## #..# #....# ##.#
######+###....# #..
.....>..##....# ##.
.c......##....# #.
........##....# ##
...!....##.#'###########
...?....'..#...........#
.......@##############.#
.)............# #.#
........#####.# #.#
######### #.# #.# #.#
#.. ##########
....[....)


You could see a centaur.

Vanquished Creatures
  Sigmund (D:3)
  4 yaks
  Edmund (D:4)
  An orc warrior (D:7)
  A sky beast (D:6)
  2 black bears
  2 ogres
  A centaur (D:5)
  A kobold brigand (D:7)
  2 necrophages
  A bullfrog (D:6)
  A scorpion (D:5)
  5 killer bees (D:8)
  2 howler monkeys (D:5)
  4 orc priests
  4 hounds
  2 jellies
  A gnoll shaman (D:3)
  Jessica (D:2)
  Ijyb (D:3)
  An orc wizard (D:7)
  4 iguanas
  8 gnolls (D:3)
  2 adders
  2 white imps
  3 worms
  A dart slug (D:2)
  23 orcs
  7 bats
  9 endoplasms
  3 giant cockroaches
  9 goblins
  6 hobgoblins
  2 jackals (D:1)
  2 quokkas
  6 ball pythons
  3 frilled lizards
  12 kobolds
  3 rats
144 creatures vanquished.

Vanquished Creatures (others)
  16 plants (D:3)
16 creatures vanquished.

Grand Total: 160 creatures vanquished

Notes
Turn   | Place    | Note
-------+----------+-------------------------------------------
     0 | D:1      | mdonais the Octopode Hunter began the quest for the Orb.
     0 | D:1      | Reached XP level 1. HP: 14/14 MP: 1/1
   140 | D:1      | Reached XP level 2. HP: 19/19 MP: 2/2
   386 | D:1      | Reached XP level 3. HP: 25/25 MP: 3/3
   977 | D:2      | Noticed Jessica
   989 | D:2      | Killed Jessica
   990 | D:2      | Reached XP level 4. HP: 30/30 MP: 4/4
  1076 | D:2      | Found a faded altar of an unknown god.
  1186 | D:3      | Learned a level 1 spell: Necrotize
  1299 | D:3      | Found a glowing silver altar of Zin.
  1354 | D:3      | Reached XP level 5. HP: 36/36 MP: 5/5
  1383 | D:3      | Noticed Sigmund
  1407 | D:3      | Killed Sigmund
  1408 | D:3      | Reached skill level 5 in Bows
  1408 | D:3      | Reached XP level 6. HP: 43/43 MP: 6/6
  1526 | D:3      | Noticed Ijyb
  1541 | D:3      | Killed Ijyb
  2018 | D:4      | Found a staircase to the Ecumenical Temple.
  2020 | D:4      | Noticed Edmund
  2322 | D:4      | Found Myemuyca's Fire Supplies.
  2372 | D:4      | Reached XP level 7. HP: 44/49 MP: 7/7
  2854 | D:4      | Reached skill level 6 in Bows
  2869 | D:4      | Learned a level 3 spell: Portal Projectile
  3222 | Temple   | Entered the Ecumenical Temple
  3277 | Temple   | Became a worshipper of Uskayaw the Reveller
  3292 | D:4      | Reached * piety under Uskayaw
  3298 | D:4      | Reached ** piety under Uskayaw
  3300 | D:4      | Killed Edmund
  3301 | D:4      | Reached skill level 5 in Fighting
  3301 | D:4      | Reached skill level 1 in Evocations
  3630 | D:5      | Entered Level 5 of the Dungeon
  3636 | D:5      | Reached XP level 8. HP: 55/55 MP: 8/8
  3695 | D:5      | Reached *** piety under Uskayaw
  3963 | D:5      | Reached skill level 7 in Bows
  4946 | D:5      | Found a runed translucent door.
  4950 | D:5      | Noticed zhov's ghost (novice SpHu)
  5647 | D:6      | Reached skill level 1 in Invocations
  5648 | D:6      | Reached **** piety under Uskayaw
  6208 | D:6      | Reached XP level 9. HP: 35/63 MP: 8/10
  7354 | D:7      | Reached skill level 8 in Bows
  7918 | D:7      | Found a shimmering blue altar of Sif Muna.
  8060 | D:7      | Noticed Joseph
  8206 | D:7      | Reached skill level 5 in Stealth
  8538 | D:8      | Found a sacrificial altar of Ru.
  9697 | D:8      | Reached skill level 9 in Bows
 10179 | D:8      | Shot with an arrow by a centaur

Illustrated notes

Levels and vault maps discovered:
D:1:      nzn_arrival_depleted_hourglass, layout_rooms
D:2:      layout_basic, ebering_ecumenical_altar_mist, uniq_jessica
D:3:      layout_rooms, general_overflow_altar, nicolae_grassy_gnolls,
          uniq_ijyb, uniq_sigmund
D:4:      layout_loops_ring, temple_doors_e, st_stairs_10,
          nicolae_shop_fire_sale [nicolae_sub_dead_trees], uniq_edmund
D:5:      layout_cave_pods, ebering_ghost_sewer_d, dreamdust_mushroom_princess,
          nrook_campfire, supply_closet_lemuel, corexii_hall_statues_x
D:6:      layout_loops_corners
D:7:      layout_gridville, mainiacjoe_overflow_24_doors, uniq_joseph
D:8:      layout_basic, mainiacjoe_overflow_cross_hatched
Temple:   compressed_dpeg_triangle_lava_temple

Skill      XL: |  1  2  3  4  5  6  7  8  9 |
---------------+----------------------------+-----
Stealth        | 2 3 4 6 |  6.2
Fighting       | 3 4 5 6 7 |  7.0
Bows           | 5 6 7 9 |  9.1
Dodging        | 3 4 |  4.0
Evocations     | 2 3 |  3.0
Invocations    | 1 4 |  4.6

Action                   |  1- 3 |  4- 6 |  7- 9 || total
-------------------------+-------+-------+-------++-------
Melee: Unarmed           |       |     8 |       ||     8
 Fire: Shortbow          |    70 |   103 |   328 ||   501
Invok: Line Pass         |       |       |     1 ||     1
Evoke: Wand              |       |       |    16 ||    16
  Use: Scroll            |     1 |     1 |     7 ||     9
       Potion            |       |       |     2 ||     2
Armor: Skin              |     3 |     2 |     6 ||    11
Dodge: Dodged            |     8 |    20 |   136 ||   164

Table legend: (Time is in decaauts)
 A = Elapsed time spent in this place.
 B = Non-inter-level travel time spent in this place.
 C = Inter-level travel time spent in this place.
 D = Time resting spent in this place.
 E = Time spent auto-exploring this place.
 F = Levels seen in this place.
 G = Mean time per level.
                   A        B        C        D        E       F      G
               +--------+--------+--------+--------+--------+-----+--------+
         Total |  10252 |   9971 |    281 |   3590 |   4916 |   9 | 1139.1 |
       Dungeon |  10187 |   9915 |    272 |   3590 |   4916 |   8 | 1273.4 |
        Temple |     64 |     55 |      9 |      0 |      0 |   1 |   64.0 |
               +--------+--------+--------+--------+--------+-----+--------+

Top non-repeatable levels by time:
     D:6: 2470 daAuts
     D:7: 1857 daAuts
     D:4: 1517 daAuts
     D:5: 1360 daAuts
     D:3: 917 daAuts
     D:8: 872 daAuts
     D:2: 736 daAuts
     D:1: 455 daAuts
  Temple: 64 daAuts
